Map: Acropolis LE

Players

Smeeeger - Winner!

  • Race: Zerg Zerg
  • League: Platinum
  • Spawn Location: 11:00

cgad

  • Race: Terran Terran
  • League: Platinum
  • Spawn Location: 5:00

VOD

Have the link to the VOD?

Description

Time

  • Played on: July 14, 2019, 5:13 p.m.
  • Length: 12:52
Show
View Real Time Build Order
Export as new Build Order

Smeeeger Zerg - Winner!

Build Orders: Hatch First, Roach Hydra 

Get SALT Encoding   

  12  0:01  Drone  
  13  0:15  Overlord  
  13  0:19  Drone  
  14  0:35  Drone x2  
  16  0:37  Drone  
  17  0:49  Drone  
  18  0:57  Hatchery  
  18  1:01  Drone  
  18  1:03  Extractor  
  17  1:16  Spawning Pool  
  16  1:19  Drone  
  16  1:22  Drone  
  18  1:31  Drone  
  19  1:52  Overlord  
  19  2:10  Queen  
  19  2:11  Queen  
  19  2:12  Zergling x6  
  26  2:22  Drone x2  
  28  2:25  Drone  
  29  2:43  Metabolic Boost  
  29  2:44  Drone  
  29  2:45  Drone x2  
  29  2:46  Queen  
  29  2:49  Overlord  
  34  2:57  Drone  
  34  2:58  Drone  
  36  3:10  Drone x2  
  37  3:23  Spore Crawler  
  37  3:26  Spore Crawler  
  35  3:32  Drone  
  35  3:33  Drone x3  
  39  3:38  Hatchery  
  39  3:40  Drone x3  
  41  3:44  Drone  
  41  3:46  Drone  
  43  4:03  Extractor  
  43  4:04  Drone  
  43  4:05  Overlord x2  
  43  4:13  Roach Warren  
  43  4:15  Evolution Chamber, Queen, Extractor  
  42  4:24  Overlord  
  42  4:28  Drone  
  42  4:29  Drone x2  
  45  4:34  Zergling x4  
  45  4:35  Zergling x6  
  50  4:45  Lair  
  50  4:48  Zerg Missile Weapons Level 1  
  50  4:50  Drone  
  50  4:51  Drone x2  
  50  4:52  Drone x2  
  51  5:10  Zergling x6  
  51  5:13  Roach x3  
  59  5:18  Drone x3  
  62  5:23  Queen  
  62  5:27  Zergling x8  
  65  5:45  Overlord  
  65  5:46  Overlord  
  65  5:47  Glial Reconstitution  
  65  5:49  Overlord x2  
  65  5:56  Infestation Pit  
  64  6:00  Drone, Overlord x2, Baneling Nest  
  64  6:01  Drone  
  65  6:05  Drone x2  
  65  6:06  Drone x2  
  57  6:33  Drone x5  
  57  6:36  Roach  
  57  6:37  Roach x6  
  76  6:46  Spore Crawler  
  75  6:52  Hydralisk Den  
  74  6:54  Extractor  
  74  6:59  Hive  
  73  7:03  Centrifical Hooks  
  73  7:05  Roach x4  
  73  7:08  Drone x5, Extractor  
  84  7:09  Ravager, Extractor  
  85  7:17  Overseer  
  85  7:18  Overseer  
  85  7:34  Drone x3  
  85  7:35  Drone  
  85  7:36  Spore Crawler, Drone x2  
  91  7:37  Spore Crawler, Drone x2  
  91  7:38  Drone x2  
  91  7:41  Muscular Augments  
  93  7:45  Drone  
  93  7:46  Drone x2, Overlord x3  
  93  7:47  Hydralisk  
  98  8:01  Hatchery  
  97  8:09  Drone x6  
  97  8:10  Drone  
  97  8:11  Hydralisk  
  97  8:12  Hydralisk x2  
  110  8:25  Spore Crawler, Roach x2  
  110  8:26  Hydralisk x2, Roach x2  
  121  8:37  Zergling x4  
  121  8:40  Pathogen Glands  
  123  8:41  Burrow  
  123  8:42  Hydralisk x3  
  123  8:43  Hydralisk  
  123  8:46  Zergling x2  
  132  8:51  Overlord x2  
  132  8:52  Grooved Spines  
  118  9:25  Hydralisk x7, Roach  
  118  9:26  Hydralisk x6  
  135  9:42  Hydralisk x6  
  135  9:54  Zergling x14  
  142  10:00  Drone x2  
  142  10:04  Drone x2  
  142  10:05  Drone x2  
  148  10:12  Overseer  
  148  10:13  Overseer, Pneumatized Carapace  
  146  10:26  Baneling x14  
  116  10:50  Hydralisk x8  
  116  10:51  Hydralisk x3  
  116  10:57  Drone x5  
  140  11:03  Drone, Extractor  
  140  11:04  Drone  
  144  11:05  Extractor  
  144  11:09  Overlord x2  
  144  11:10  Overlord x3  
  121  11:33  Roach x12  
  121  11:34  Roach x9  
  161  11:48  Zergling x2  
  161  11:49  Hydralisk x5  
  169  11:55  Zergling x2  
  168  12:09  Zergling x16  
  168  12:10  Zergling x6  
  168  12:14  Drone x3  
Show
View Real Time Build Order
Export as new Build Order

cgad Terran 

Build Orders:  

Get SALT Encoding   

  12  0:04  SCV  
  13  0:29  SCV  
  14  0:39  Supply Depot  
  14  0:41  SCV  
  15  1:00  SCV  
  15  1:03  Barracks  
  16  1:12  Command Center  
  16  1:21  SCV  
  17  1:49  SCV  
  17  1:53  Supply Depot, Marine  
  19  2:11  SCV  
  20  2:15  Marine  
  20  2:21  Command Center, Refinery  
  20  2:41  Marine  
  20  2:42  Engineering Bay  
  21  2:49  SCV  
  21  2:51  Orbital Command  
  22  2:58  Marine  
  22  3:01  Refinery  
  22  3:16  Marine  
  23  3:32  SCV  
  25  3:34  Marine, SCV  
  26  3:41  Factory  
  26  3:52  Marine  
  27  4:02  SCV  
  28  4:07  Planetary Fortress  
  28  4:19  Marine  
  28  4:26  Starport  
  28  4:29  Widow Mine  
  30  4:47  SCV  
  31  4:56  Marine  
  31  4:57  Widow Mine  
  31  4:59  SCV  
  35  5:01  SCV  
  35  5:04  Starport Tech Lab  
  36  5:11  SCV  
  36  5:13  SCV  
  37  5:15  Marine, Fusion Core  
  38  5:23  Widow Mine, SCV  
  38  5:25  SCV  
  37  5:37  SCV  
  37  5:40  SCV  
  38  5:43  Refinery  
  38  5:45  SCV  
  38  5:46  Refinery  
  38  5:49  SCV  
  40  5:51  Marine  
  40  5:52  Banshee, SCV  
  45  5:57  SCV  
  45  6:02  SCV  
  45  6:04  SCV  
  48  6:09  SCV  
  49  6:14  Weapon Refit  
  50  6:21  SCV  
  49  6:35  SCV  
  49  6:37  Marine  
  51  6:41  Planetary Fortress  
  51  6:44  SCV  
  52  6:52  Battlecruiser  
  58  6:55  Hellion  
  58  6:59  SCV  
  61  7:05  Barracks Tech Lab  
  61  7:11  Refinery  
  61  7:18  Refinery  
  61  7:27  Hellion, SCV  
  61  7:49  Stimpack, SCV  
  61  7:50  Hellion, SCV  
  65  8:02  SCV  
  66  8:11  Hellion  
  68  8:14  SCV  
  68  8:15  Supply Depot  
  68  8:17  Supply Depot  
  68  8:19  Supply Depot  
  69  8:20  Battlecruiser  
  69  8:24  Supply Depot  
  69  8:25  Supply Depot  
  69  8:27  SCV x2  
  69  8:28  Supply Depot  
  69  8:30  Supply Depot  
  69  8:33  Hellion  
  69  8:39  SCV  
  67  8:44  SCV  
  68  8:52  Barracks  
  68  8:53  Barracks  
  68  8:54  Barracks  
  68  8:55  Barracks  
  68  8:56  Widow Mine  
  68  8:57  Marauder  
  68  8:58  Terran Infantry Weapons Level 1  
  72  9:03  SCV  
  72  9:04  Engineering Bay  
  72  9:05  Armory  
  67  9:18  Marauder  
  65  9:24  Battlecruiser  
  68  9:42  Hellion  
  68  9:48  SCV  
  67  10:00  SCV  
  67  10:01  Starport  
  67  10:02  Terran Infantry Armor Level 1  
  67  10:04  Hellion, SCV  
  71  10:07  Marine  
  71  10:12  SCV  
  71  10:13  SCV  
  68  10:19  Marauder  
  68  10:21  Concussive Shells  
  70  10:25  Hellion, Marine, SCV  
  74  10:28  Battlecruiser  
  74  10:30  Terran Vehicle And Ship Armor Level 1  
  79  10:40  Marauder  
  81  10:43  Marine  
  65  10:56  Starport Tech Lab  
  63  10:59  Hellbat  
  63  11:01  Marauder  
  63  11:02  SCV  
  67  11:09  Supply Depot  
  67  11:11  Supply Depot  
  67  11:12  Supply Depot  
  67  11:13  Supply Depot  
  67  11:14  SCV  
  67  11:15  Supply Depot  
  64  11:19  SCV  
  64  11:20  Hellbat  
  64  11:23  Marauder  
  55  11:31  SCV  
  52  11:44  SCV  
  52  11:45  Supply Depot  
  52  11:46  Hellbat  
  55  11:47  Marauder  
  55  11:56  SCV  
  56  12:08  SCV  
  57  12:10  Medivac  
  59  12:16  Marauder  
  59  12:20  SCV  
Tags
 
Composition
Roach Hydra
Matchup
TvZ
Replay Pack
SC2 replays
Spawn Locations
Cross Positions
Add a new tag
Caveats
  • Supply blocks, unpowered buildings, or Contaminate may cause inaccurate times.
  • Supply counts are checked every 10 seconds.